 Dungeon Crawl Stone Soup version 0.24.0-123-gd5b16e6ec5 (webtiles) character file.

Game seed: 1522111729995603219, levelgen mode: deterministic

303 brucemayne the Cleaver (level 6, -10/51 HPs)
             Began as a Hill Orc Monk on Jan 25, 2020.
             Was a Follower of the Shining One.
             Killed by divine providence
             ... invoked by an orc priest
              (16 damage)
             ... on level 7 of the Dungeon.
             The game lasted 00:07:55 (2204 turns).

brucemayne the Cleaver (Hill Orc Monk)              Turns: 2204, Time: 00:07:55

Health: -10/51     AC: -1    Str: 16    XL:     6   Next: 38%
Magic:  2/5        EV: 11    Int: 10    God:    the Shining One [*.....]
Gold:   129        SH:  6    Dex: 13    Spells: 5/5 levels left

rFire    . . .     SeeInvis .   a - +0 hand axe
rCold    + . .     Gourm    .   (no shield)
rNeg     . . .     Faith    .   g - +1 scale mail
rPois    .         Spirit   .   (no helmet)
rElec    .         Reflect  .   (no cloak)
rCorr    .         Harm     .   (no gloves)
MR       .....     Clarity  +   (no boots)
Stlth    +.........             (no amulet)
HPRegen  0.17/turn              (no ring)
MPRegen  0.09/turn              (no ring)

@: divine shield, corroded, glowing
A: clarity, cold resistance 1, low mp 1, evolution 1, sturdy frame 1
a: Renounce Religion, Convert to Beogh


You were on level 7 of the Dungeon.
You worshipped the Shining One.
The Shining One was aware of your devotion.
You were not hungry.

You visited 1 branch of the dungeon, and saw 7 of its levels.

You collected 129 gold pieces.

Inventory:

Hand Weapons
 a - a +0 hand axe (weapon)
Armour
 b - a +0 robe
 g - a +1 scale mail (worn)
 m - a +0 chain mail
 n - a +0 scale mail
Scrolls
 f - 2 scrolls of remove curse
 j - 2 scrolls of amnesia
Comestibles
 c - 6 rations


   Skills:
 - Level 3.6 Fighting
 + Level 9.2 Axes
 - Level 2.4 Dodging
 - Level 1.5 Stealth


You had 5 spell levels left.
You didn't know any spells.
Your spell library was empty.

Dungeon Overview and Level Annotations

Branches:
Dungeon (7/15)
 Temple: D:4-7

Altars:
Dithmenos
Elyvilon
Gozag
Hepliaklqana
Ru
Xom
Yredelemnul
The Shining One

Annotations:
D:2 Natasha


Innate Abilities, Weirdness & Mutations

You possess an exceptional clarity of mind.
Your flesh is cold resistant. (rC+)
Your magical capacity is low. (-10% MP)
You evolve.
Your movements are slightly less encumbered by armour. (ER -2)


Message History

The orc priest hits you with a +0 club.
* * * LOW HITPOINT WARNING * * *
The adder skeleton closely misses you. You block the orc's attack.
Unknown command.
Press < or > to pray at altars.
You hit the adder skeleton.
The adder skeleton is almost destroyed.
You hit the orc priest but do no damage.
You hit the orc.
You kill the orc!
The adder skeleton closely misses you. The orc priest barely misses you.
The orc priest shouts, "Beogh is our master!
Accept the truth or die!"
The orc priest shouts, "Join the one true god or die!"
You hit the adder skeleton but do no damage.
The adder skeleton is almost destroyed.
You barely miss the orc priest. The adder skeleton bites you.
* * * LOW HITPOINT WARNING * * *
The orc priest calls down the wrath of Beogh upon you.
Beogh smites you!
You die...

....# S...# ....# #
....####.# ..........
<......... ..........
##.####### ###
.........# ##@##
.........# ####Z)o####
.........###.........#
........###..##...##..#
.o...o..#_..###_._# .._
.####...###..#######..##
....+.....##.J.......# .
....#.....o#####.#####..
....#......o...#'#......


You could see an orc priest and an adder skeleton.

Vanquished Creatures
  A jelly (D:7)
  2 hounds
  4 worker ants
  7 adders
  A dart slug (D:1)
  2 leopard geckos (D:4)
  2 orcs
  A ball python (D:4)
  3 giant cockroaches
  3 goblins (D:1)
  5 hobgoblins
  7 jackals
  3 quokkas
  A bat (D:3)
  A frilled lizard (D:1)
  A jackal skeleton (D:4)
  4 kobolds
  2 rats (D:1)
50 creatures vanquished.

Notes
Turn   | Place    | Note
-------+----------+-------------------------------------------
     0 | D:1      | brucemayne the Hill Orc Monk began the quest for the Orb.
     0 | D:1      | Reached XP level 1. HP: 19/19 MP: 1/1
   206 | D:1      | Reached XP level 2. HP: 17/26 MP: 2/2
   285 | D:1      | Reached skill level 5 in Axes
   338 | D:2      | Reached XP level 3. HP: 21/31 MP: 3/3
   367 | D:2      | Found a shadowy altar of Dithmenos.
   389 | D:2      | Noticed Natasha
   597 | D:2      | Found an opulent altar of Gozag.
   627 | D:3      | Found a faded altar of an unknown god.
   685 | D:3      | Found a white marble altar of Elyvilon.
   720 | D:3      | Reached skill level 6 in Axes
   961 | D:4      | Gained mutation: Scrolls take you a little longer to read.
                  | [potion of mutation]
   961 | D:4      | Gained mutation: Your spells are a little harder to cast,
                  | but a little more powerful. [potion of mutation]
   961 | D:4      | Gained mutation: You possess an exceptional clarity of
                  | mind. [potion of mutation]
   962 | D:4      | Lost mutation: Scrolls take you a little longer to read.
                  | [potion of mutation]
   962 | D:4      | Lost mutation: Your spells are a little harder to cast, but
                  | a little more powerful. [potion of mutation]
   962 | D:4      | Gained mutation: Your flesh is cold resistant. (rC+)
                  | [potion of mutation]
   962 | D:4      | Gained mutation: Your movements are slightly less
                  | encumbered by armour. (ER -2) [potion of mutation]
   962 | D:4      | Gained mutation: You evolve. [potion of mutation]
   964 | D:4      | Found a shimmering altar of Xom.
   974 | D:4      | Reached XP level 4. HP: 39/39 MP: 4/4
  1332 | D:4      | Gained mutation: Your magical capacity is low. (-10% MP)
                  | [evolution]
  1370 | D:3      | Reached skill level 7 in Axes
  1572 | D:4      | Reached XP level 5. HP: 34/45 MP: 4/4
  1581 | D:4      | Found a sand-covered staircase.
  1627 | D:4      | Reached skill level 8 in Axes
  1637 | D:4      | HP: 2/45 [poisoned by a worker ant]
  1645 | D:4      | HP: 1/45 [poisoned by a worker ant]
  1745 | D:5      | Entered Level 5 of the Dungeon
  2092 | D:6      | Reached XP level 6. HP: 44/51 MP: 5/5
  2150 | D:7      | Noticed an orc warrior
  2182 | D:7      | Found a basalt altar of Yredelemnul.
  2182 | D:7      | Found a faded altar of an unknown god.
  2187 | D:7      | Found a glowing golden altar of the Shining One.
  2189 | D:7      | Found a hazy altar of Hepliaklqana.
  2190 | D:7      | Found a sacrificial altar of Ru.
  2193 | D:7      | Became a worshipper of the Shining One
  2193 | D:7      | Reached * piety under the Shining One
  2193 | D:7      | Reached ** piety under the Shining One
  2201 | D:7      | Reached skill level 9 in Axes
  2204 | D:7      | Killed from afar by an orc priest

Levels and vault maps discovered:
D:1:      nzn_arrival_settlement, layout_loops_ring
D:2:      layout_basic, grunt_gozag_statues, dancing_weapons_uskayaw,
          nicolae_dithmenos_through_a_glass_darkly, marbit_many_paths,
          serial_rivers, chequers_serial_rivers_room_b,
          chequers_serial_rivers_large_b, chequers_serial_rivers_micro_b,
          chequers_serial_rivers_micro_e, chequers_serial_rivers_micro_c,
          uniq_crazy_yiuf_cottage, uniq_natasha
D:3:      layout_loops_ring, lemuel_coloured_pillars_altar,
          chequers_ecumenical_altar_simple_redux, hangedman_decor_riveting,
          minmay_close_crescents
D:4:      layout_rooms, brannock_xom_greatest_gift, enter_ossuary_1,
          minmay_ruined_shrine, uniq_pikel
D:5:      layout_basic, first_ration, basic_altar
D:6:      layout_loops_ring, minmay_temple_entry_slanted
D:7:      layout_gridville, chequers_temple_overflow_minitemple, uniq_duvessa

Skill      XL: |  1  2  3  4  5  6 |
---------------+-------------------+-----
Axes           | 5 6 7 8 9 |  9.2
Fighting       | |  3.6
Dodging        | |  2.4
Stealth        | |  1.5

Action                   |  1- 3 |  4- 6 || total
-------------------------+-------+-------++-------
Melee: Hand axe          |    94 |   157 ||   251
Invok: Divine Shield     |       |     1 ||     1
  Use: Scroll            |     8 |     1 ||     9
       Potion            |     5 |       ||     5
 Stab: Sleeping          |     1 |       ||     1
  Eat: Ration            |       |     1 ||     1
       Chunk             |       |     1 ||     1
Armor: Scale mail        |    38 |    68 ||   106
Dodge: Dodged            |    34 |   123 ||   157
Block: Other             |       |     4 ||     4
